 Dungeon Crawl Stone Soup version 0.20.0-15-g7f486f2 (webtiles) character file.

104 botchamania the Changer (level 4, -2/28 HPs)
             Began as an Octopode Transmuter on June 29, 2017.
             Slain by Frank's ghost (15 damage)
             ... on level 3 of the Dungeon.
             The game lasted 00:06:57 (2830 turns).

botchamania the Changer (Octopode Transmuter)       Turns: 2830, Time: 00:06:58

Health: -2/28      AC:  2    Str:  9    XL:     4   Next: 80%
Magic:  2/7        EV: 20    Int: 18    God:
Gold:   69         SH:  0    Dex: 18    Spells: 1/7 levels left

rFire    . . .     SeeInvis .     - Unarmed
rCold    . . .     Gourm    .   (shield currently unavailable)
rNeg     . . .     Faith    .   (helmet currently unavailable)
rPois    x         Spirit   .   (no amulet)
rElec    .         Reflect  .   j - +3 ring of intelligence
rCorr    .         Harm     .   (no ring)
MR       .....                  (no ring)
Stlth    ++........             (no ring)
Regen    0.1/turn               (no ring)
MPRegen  0.1/turn               (no ring)
                                (no ring)
                                (no ring)

@: spider-form, flying
A: almost no armour, stealthy swim, (amphibious), 8 rings, (constrict 8)
a: End Transformation


You were on level 3 of the Dungeon.
You were not hungry.
You were a venomous arachnid creature.
You visited 1 branch of the dungeon, and saw 3 of its levels.

You collected 69 gold pieces.

Inventory:

Hand Weapons
 r - a cursed -3 hunting sling
 t - a +2 whip of holy wrath
Missiles
 a - 19 arrows
 e - 45 stones
 f - 8 curare-tipped needles
 g - 6 javelins (quivered)
 l - 19 bolts
Jewellery
 j - a +3 ring of intelligence (left front leg)
Wands
 u - a wand of disintegration (14/24)
Scrolls
 h - a scroll of amnesia {unknown}
 k - a scroll of fog {unknown}
 o - a scroll of recharging {unknown}
 q - 2 scrolls of teleportation {unknown}
 v - a scroll of immolation {unknown}
Potions
 d - a potion of curing
 i - a potion of ambrosia
 m - a potion of flight
 p - a potion of berserk rage {unknown}
Books
 b - a book of Changes

   Spells                             Type                      Level
   a - Beastly Appendage              Transmutation                1
   b - Sticks to Snakes               Transmutation                2
   c - Spider Form                    Transmutation/Poison         3
   d - Ice Form                       Ice/Transmutation            4
   e - Blade Hands                    Transmutation                5
Comestibles
 c - 2 bread rations
 n - a meat ration
 s - 3 fruits


   Skills:
 - Level 1.0 Fighting
 - Level 2.0 Dodging
 - Level 3.0 Unarmed Combat
 - Level 2.0 Spellcasting
 - Level 4.5 Transmutations
 + Level 1.4 Poison Magic


You had one spell level left.
You knew the following spells:

 Your Spells              Type           Power        Failure   Level  Hunger
a - Beastly Appendage     Tmut           ###...       10%         1    #......
b - Sticks to Snakes      Tmut           ###.....     13%         2    ###....
c - Spider Form           Tmut/Pois      ##........   34%         3    ###....


Dungeon Overview and Level Annotations

Branches:
Dungeon (3/15)

Altars:
Dithmenos
The Shining One

Annotations:
D:3 Frank's ghost, amateur GrFi


Innate Abilities, Weirdness & Mutations

You cannot wear most types of armour.
You are very stealthy in the water. (Stealth+)
((You are amphibious.))
You can wear up to eight rings at the same time.
((You can use your tentacles to constrict eight enemies at once.))
((Your skin changes colour to match your surroundings (Stealth+).))
((Your rubbery body absorbs attacks. (AC +1, EV +1)))


Message History

Frank's ghost is moderately damaged.
Frank's ghost completely misses you.
You hit Frank's ghost but do no damage.
Frank's ghost is moderately damaged.
Frank's ghost barely misses you.
You hit Frank's ghost.
Frank's ghost is moderately damaged.
Frank's ghost hits you!
Casting: Spider Form
Confirm with . or Enter, or press ? or * to list all spells.
You extend your transformation's duration.
Frank's ghost misses you.
Unknown command.
You barely miss Frank's ghost.
Frank's ghost is moderately damaged.
Frank's ghost hits you!
* * * LOW HITPOINT WARNING * * *
You feel better. Frank's ghost hits you!
Ouch! That really hurt!
You die...

#######.....##
#......W.....#
#.##########.###
#.# #..... #.#
#..### #.#
#..... #.#
#....# ####.#
##.#.# #.sW.#
##.#.# ######
#....# #.#...
#.#... #.##..
#.##.. #.....
#.#... #.##..


You could see Frank's ghost.

Vanquished Creatures
  A hound skeleton (D:2)
  A worker ant zombie (D:2)
  An adder zombie (D:2)
  A worm (D:2)
  3 dart slugs
  A leopard gecko (D:2)
  5 bats
  4 bat skeletons (D:2)
  4 giant cockroaches
  2 goblins
  3 hobgoblins
  14 jackals
  A quokka (D:3)
  2 ball pythons
  7 frilled lizards
  A jackal skeleton (D:2)
  5 kobolds
  A quokka skeleton (D:2)
  3 rats
60 creatures vanquished.

Vanquished Creatures (collateral kills)
  A worm (D:2)
  A dart slug (D:2)
  A hobgoblin (D:3)
  A jackal (D:2)
4 creatures vanquished.

Grand Total: 64 creatures vanquished

Notes
Turn   | Place    | Note
-------+----------+-------------------------------------------
     0 | D:1      | botchamania the Octopode Transmuter began the quest for the Orb.
     0 | D:1      | Reached XP level 1. HP: 13/13 MP: 3/3
   105 | D:1      | Reached XP level 2. HP: 18/18 MP: 3/5
   109 | D:1      | Learned a level 2 spell: Sticks to Snakes
   262 | D:1      | Reached skill level 3 in Transmutations
   519 | D:1      | Reached XP level 3. HP: 19/23 MP: 4/6
  1713 | D:2      | Reached skill level 4 in Transmutations
  1796 | D:2      | Reached XP level 4. HP: 28/28 MP: 0/7
  1859 | D:2      | Found a glowing golden altar of the Shining One.
  1934 | D:2      | Learned a level 3 spell: Spider Form
  2022 | D:2      | Found a shadowy altar of Dithmenos.
  2100 | D:2      | Reached skill level 1 in Poison Magic
  2601 | D:3      | Noticed Frank's ghost (amateur GrFi)
  2830 | D:3      | Slain by Frank's ghost

Skill      XL: |  1  2  3  4 |
---------------+-------------+-----
Transmutations | 3 4 |  4.5
Poison Magic   | 1 |  1.4
Fighting       | |  1.0
Dodging        | |  2.0
Unarmed Combat | |  3.0
Spellcasting   | |  2.0

Action                   |  1- 3 |  4- 6 || total
-------------------------+-------+-------++-------
Melee: Unarmed           |   112 |    55 ||   167
       Kick              |    20 |     2 ||    22
       Constrict         |    29 |    12 ||    41
       Tentacles         |    15 |     8 ||    23
Throw: Stone             |    17 |       ||    17
 Cast: Beastly Appendage |    13 |     2 ||    15
       Sticks to Snakes  |     4 |     5 ||     9
       Spider Form       |       |     2 ||     2
  Use: Potion            |     2 |     3 ||     5
       Scroll            |       |     4 ||     4
 Stab: Sleeping          |     2 |       ||     2
  Eat: Chunk             |     3 |     4 ||     7
Armor: Skin              |    16 |     3 ||    19
Dodge: Dodged            |    91 |    42 ||   133
